 Dungeon Crawl Stone Soup version 0.28.0-49-g6dfe1f597d (webtiles) character file.

Game seed: 5615976523531127139

65 Exodus22XD the Covered (level 3, -2/33 HPs)
             Began as a Minotaur Fighter on May 14, 2022.
             Was a Follower of Ru.
             Slain by Robin
             ... wielding a +0 trident
              (5 damage)
             ... on level 2 of the Dungeon.
             The game lasted 00:01:35 (1278 turns).

Exodus22XD the Covered (Minotaur Fighter)           Turns: 1278, Time: 00:01:36

Health: -2/33      AC:  7    Str: 22    XL:     3   Next: 94%
Magic:  2/2        EV:  9    Int:  5    God:    Ru [*.....]
Gold:   82         SH:  4    Dex:  9    Spells: 2/2 levels left

rFire   . . .      SeeInvis .   a - +0 war axe
rCold   . . .      Faith    .   c - +0 buckler
rNeg    . . .      Spirit   .   b - +0 scale mail
rPois   .          Reflect  .   (helmet restricted)
rElec   .          Harm     .   (no cloak)
rCorr   .          Rampage  .   (no gloves)
Will    .....                   (no boots)
Stlth   ..........              (no amulet)
HPRegen 0.11/turn               (no ring)
MPRegen 0.08/turn               (no ring)

@: no status effects
A: horns 2, unskilled 1, retaliatory headbutt
a: Renounce Religion


You were on level 2 of the Dungeon.
You worshipped Ru.
Ru was aware of your devotion.
You visited 1 branch of the dungeon, and saw 2 of its levels.

You collected 82 gold pieces.

Inventory:

Hand Weapons
 a - a +0 war axe (weapon)
 g - a +0 whip of freezing
Armour
 b - a +0 scale mail (worn)
 c - a +0 buckler (worn)
Jewellery
 j - a +4 ring of slaying
Scrolls
 e - a scroll of summoning {unknown}
 f - 2 scrolls of teleportation {unknown}
 i - a scroll of identify {unknown}
 l - a scroll of blinking {unknown}
Potions
 d - a potion of might
 h - 2 potions of invisibility {unknown}
 k - a potion of berserk rage {unknown}


   Skills:
 + Level 3.8 Fighting
 + Level 3.1 Axes
 + Level 4.1 Armour
 + Level 3.8 Shields


You had 2 spell levels left.
You didn't know any spells.
Your spell library was empty.

Dungeon Overview and Level Annotations

Branches:
Dungeon (2/15)

Altars:
Ru

Annotations:
D:2 Robin


Innate Abilities, Weirdness & Mutations

You have a pair of horns on your head.
You are somewhat unskilled. (-1 Apt)
You reflexively headbutt those who attack you in melee.


Message History

You hit the adder.
You kill the adder!
You closely miss the hobgoblin. You barely miss the goblin.
You closely miss the hobgoblin.
The goblin no longer looks unusually strong.
The hobgoblin hits you but does no damage.
The hobgoblin barely misses you. The goblin hits you but does no damage.
The hobgoblin hits you. The goblin hits you but does no damage.
The hobgoblin hits you.
Your Axes skill increases to level 3!
You hit the goblin.
You kill the goblin!
You hit the hobgoblin.
You kill the hobgoblin!
You completely miss the goblin. You slash the hobgoblin!
You kill the hobgoblin!
Robin barely misses you. You block the goblin's attack.
Robin hits you from afar with a +0 trident.
* * * LOW HITPOINT WARNING * * *
You slash the goblin!
You kill the goblin!
You completely miss the hobgoblin. The hobgoblin closely misses you.
Robin hits you but does no damage.
The hobgoblin hits you but does no damage.
Robin hits you but does no damage. The hobgoblin hits you.
* * * LOW HITPOINT WARNING * * *
Things that are here:
a +0 club; an adder corpse You hit Robin but do no damage.
Your headbutt misses Robin. You hit the hobgoblin.
You kill the hobgoblin!
You block Robin's attack. Robin closely misses you.
You barely miss Robin. Robin misses you.
You slash Robin!
Robin is almost dead.
Robin hits you but does no damage.
You closely miss Robin. You headbutt Robin.
Robin is almost dead.
Robin hits you with a +0 trident.
You die...

#>........................
#.###########.####........
#.# #........ #.#########
######### #....)....#
#########.# #)# ####)####
###..)@†..# #....g.)$.#
##...)....##.
#..........<.
#.............
#..)........(.
##............
..............
...............


You could see Robin.

Vanquished Creatures
  An adder (D:2)
  A worm (D:2)
  A dart slug (D:1)
  3 bats (D:1)
  3 endoplasms
  A giant cockroach (D:1)
  8 goblins
  5 hobgoblins
  7 jackals
  4 kobolds
  5 ball pythons
  7 rats
46 creatures vanquished.

Notes
Turn   | Place    | Note
-------+----------+-------------------------------------------
     0 | D:1      | Exodus22XD the Minotaur Fighter began the quest for the
                  | Orb.
     0 | D:1      | Reached XP level 1. HP: 19/19 MP: 0/0
   194 | D:1      | Reached XP level 2. HP: 25/27 MP: 1/1
   444 | D:1      | Reached skill level 4 in Armour
   491 | D:1      | Found a faded altar of an unknown god.
   506 | D:1      | Prayed at the altar of an unknown god.
   506 | D:1      | Became a worshipper of Ru the Awakened
   514 | D:1      | Gained mutation: You are somewhat unskilled. (-1 Apt) [Ru
                  | sacrifice]
   514 | D:1      | Reduced skill Armour to level 3
   514 | D:1      | Reached * piety under Ru
   994 | D:2      | Reached XP level 3. HP: 31/31 MP: 2/2
  1259 | D:2      | Noticed Robin
  1262 | D:2      | Reached skill level 4 in Armour
  1278 | D:2      | Slain by Robin

Illustrated notes

Levels and vault maps discovered:
D:1:      psy_arrival_conway, layout_loops_corners,
          ebering_ecumenical_altar_webs
D:2:      layout_basic, serial_shops, shop, st_stairs_4, uniq_robin

Skill      XL: |  1  2  3 |
---------------+----------+-----
Armour         | 3 4 |  4.1
Axes           | 3 |  3.1
Fighting       | |  3.8
Shields        | |  3.8

Action                   || total
-------------------------++-------
Melee: War axe           ||    84
       Headbutt          ||    16
Invok: Sacrifice Skill   ||     1
Armor: Scale mail        ||    63
Dodge: Dodged            ||    50
Block: Buckler           ||    17
